 Dungeon Crawl Stone Soup version 0.21-a0-442-g848f44b (webtiles) character file.

3717 Laiders the Bludgeoner (level 9, -2/70 HPs)
             Began as a Minotaur Fighter on Nov 15, 2017.
             Was a Follower of Ru.
             Slain by a yak (9 damage)
             ... on level 8 of the Dungeon.
             The game lasted 00:29:03 (6689 turns).

Laiders the Bludgeoner (Minotaur Fighter)           Turns: 6689, Time: 00:29:04

Health: -2/70      AC: 13    Str: 24    XL:     9   Next: 92%
Magic:  8/8        EV: 11    Int:  5    God:    Ru [*.....]
Gold:   298        SH:  4    Dex: 10    Spells: 8/8 levels left

rFire    . . .     SeeInvis +   I - +3 flail (drain)
rCold    . . .     Gourm    .   l - +0 buckler
rNeg     . . .     Faith    .   u - +0 plate armour
rPois    .         Spirit   .   (helmet restricted)
rElec    .         Reflect  .   (no cloak)
rCorr    .         Harm     .   d - +0 pair of gloves {archery}
MR       .....                  E - +0 pair of boots
Stlth    ..........             r - amulet of rage
HPRegen  0.21/turn              y - +5 ring of evasion
MPRegen  0.11/turn              j - ring of see invisible

@: no status effects
A: retaliatory headbutt, horns 2, no conjurations magic, no poison magic, no
transmutations magic
a: Renounce Religion, Evoke Berserk Rage


You were on level 8 of the Dungeon.
You worshipped Ru.
Ru was aware of your devotion.
You were not hungry.

You visited 2 branches of the dungeon, and saw 9 of its levels.

You collected 418 gold pieces.
You spent 120 gold pieces at shops.

Inventory:

Hand Weapons
 t - a +0 morningstar
 I - a +3 flail of draining (weapon)
Missiles
 m - 220 stones
 q - 7 javelins (quivered)
 G - a throwing net
 O - 5 tomahawks
Armour
 b - a +0 large shield
 c - a +0 shield
 d - a +0 pair of gloves of archery (worn)
 l - a +0 buckler (worn)
 u - a +0 plate armour (worn)
 E - a +0 pair of boots (worn)
 J - a +1 chain mail of cold resistance
Jewellery
 j - a ring of see invisible (right hand)
 r - an amulet of rage (around neck)
 y - a +5 ring of evasion (left hand)
 F - an uncursed ring of protection from cold
 M - an uncursed amulet of the gourmand {unknown}
Wands
 s - a wand of flame (15/48)
 K - a wand of clouds (5/9)
Scrolls
 e - 2 scrolls of fear
 g - 4 scrolls of remove curse
 k - 4 scrolls of amnesia
 n - 2 scrolls of teleportation
 w - 2 scrolls of recharging {unknown}
 A - a scroll of magic mapping {unknown}
 C - a scroll of blinking {unknown}
 L - 2 scrolls of identify
Potions
 a - a potion of mutation {unknown}
 h - 2 potions of resistance {unknown}
 i - a potion of invisibility {unknown}
 o - 2 potions of flight
 p - a potion of heal wounds
 z - 4 potions of curing
 B - a potion of agility
 H - a potion of haste
Comestibles
 f - 8 bread rations
 v - 3 meat rations
 D - 2 royal jellies


   Skills:
 + Level 3.6 Fighting
 - Level 16.0 Maces & Flails
 + Level 3.6 Armour
 + Level 3.6 Shields


You had 8 spell levels left.
You didn't know any spells.

Dungeon Overview and Level Annotations

Branches:
Dungeon (8/15)             Temple (1/1) D:6
   Lair: D:8-11

Altars:
Ashenzari
Cheibriados
Dithmenos
Elyvilon
Fedhas
Gozag
Hepliaklqana
Kikubaaqudgha
Makhleb
Nemelex Xobeh
Okawaru
Qazlal
Ru
Sif Muna
Trog
Uskayaw
Vehumet
Wu Jian
Xom
Yredelemnul
Zin
The Shining One

Shops:
D:5 *   D:6 !?*


Innate Abilities, Weirdness & Mutations

You reflexively headbutt those who attack you in melee.
You have a pair of horns on your head.
You cannot study or cast Conjurations magic.
You cannot study or cast Poison magic.
You cannot study or cast Transmutations magic.


Message History

You kill the worker ant!
The orc hits you but does no damage. The yak barely misses you.
You block the orc's attack.
You thump the yak! You drain the yak! You headbutt the yak!
The yak is almost dead.
The yak gores you.
* * * LOW HITPOINT WARNING * * *
The orc hits you but does no damage.
You sock the yak!
You kill the yak!
Training target 16.0 for Maces & Flails reached!
Your Maces & Flails skill increases to level 16!
You need to enable at least one skill for training.
The orc closely misses you.
You are struck by the porcupine's spines.
* * * LOW HITPOINT WARNING * * *
You sock the porcupine! You drain the porcupine!
The porcupine is almost dead.
The yak gores you!
You die...

##...#.....
.......>..
........ #
...#..#####
#.#.........
####.#.......#
.......))....#
#oo[....#
#.##@)..###
#.tYr#..#
.......t...#
...............
.P.............
................
................
..........######
.P♣....##a#


You could see a yak, 2 crocodiles, a porcupine and 2 orcs.

Vanquished Creatures
  A two-headed ogre (D:8)
  The ghost of Salmacis the Poker, an amateur OpFi (D:4)
  A hippogriff (D:7)
  A wyvern (D:8)
  4 yaks
  Eustachio (Temple)
  Menkaure (D:6)
  Edmund (D:6)
  A porcupine (D:8)
  2 ice beasts
  An ogre (D:5)
  2 bullfrogs
  A big kobold (D:5)
  3 crimson imps
  2 howler monkeys (D:8)
  A hound (D:5)
  4 orc priests
  Jessica (D:2)
  7 orc wizards
  4 worker ants
  4 iguanas
  4 worker ant zombies
  Robin (D:2)
  6 adders
  A shadow imp (D:6)
  An ooze (D:5)
  2 worms
  6 leopard geckos
  36 orcs
  3 giant cockroaches
  19 goblins
  8 hobgoblins
  16 jackals
  4 quokkas
  A ball python skeleton (D:4)
  9 bats
  6 frilled lizards
  A jackal skeleton (D:7)
  A jackal zombie (D:7)
  16 kobolds
  A leopard gecko zombie (D:5)
  2 quokka skeletons
  3 rats
191 creatures vanquished.

Vanquished Creatures (others)
  An adder (D:5)
  A goblin (D:2)
  A plant (D:8)
3 creatures vanquished.

Grand Total: 194 creatures vanquished

Notes
Turn   | Place    | Note
-------+----------+-------------------------------------------
     0 | D:1      | Laiders the Minotaur Fighter began the quest for the Orb.
     0 | D:1      | Reached XP level 1. HP: 19/19 MP: 0/0
    76 | D:1      | Reached skill level 3 in Maces & Flails
   192 | D:1      | Reached XP level 2. HP: 26/26 MP: 1/1
   445 | D:1      | Reached skill level 4 in Maces & Flails
   723 | D:2      | Found a burning altar of Makhleb.
   741 | D:2      | Noticed Jessica
   750 | D:2      | Reached XP level 3. HP: 22/31 MP: 2/2
   756 | D:2      | Killed Jessica
   756 | D:2      | Reached skill level 5 in Maces & Flails
  1153 | D:2      | Reached XP level 4. HP: 38/39 MP: 3/3
  1182 | D:2      | Reached skill level 6 in Maces & Flails
  1190 | D:2      | Reached XP level 5. HP: 14/45 MP: 4/4
  1756 | D:2      | Noticed Robin
  1781 | D:2      | Killed Robin
  2025 | D:3      | Reached skill level 7 in Maces & Flails
  2291 | D:3      | Reached XP level 6. HP: 37/51 MP: 5/5
  2305 | D:3      | Reached skill level 8 in Maces & Flails
  2362 | D:3      | Found an opulent altar of Gozag.
  2960 | D:4      | Found a sparkling altar of Nemelex Xobeh.
  3089 | D:4      | Reached skill level 9 in Maces & Flails
  3156 | D:4      | Noticed Salmacis's ghost (amateur OpFi)
  3163 | D:4      | Killed Salmacis's ghost
  3163 | D:4      | Reached XP level 7. HP: 57/57 MP: 6/6
  3385 | D:5      | Entered Level 5 of the Dungeon
  3412 | D:5      | Reached skill level 10 in Maces & Flails
  3697 | D:5      | Found a glowing silver altar of Zin.
  4026 | D:5      | Reached skill level 11 in Maces & Flails
  4079 | D:5      | Found Ofutaso's Assorted Antiques.
  4083 | D:5      | Bought a silver ring for 120 gold pieces
  4125 | D:5      | Reached XP level 8. HP: 52/64 MP: 7/7
  4471 | D:6      | Noticed Menkaure
  4476 | D:6      | Killed Menkaure
  4491 | D:6      | Found a staircase to the Ecumenical Temple.
  4511 | D:6      | Noticed Eustachio
  4517 | Temple   | Entered the Ecumenical Temple
  4529 | Temple   | Killed Eustachio
  4529 | Temple   | Reached skill level 12 in Maces & Flails
  5023 | Temple   | Became a worshipper of Ru the Awakened
  5110 | D:6      | Noticed Edmund
  5120 | D:6      | Killed Edmund
  5183 | D:6      | Found Viosmeag's Assorted Antiques.
  5231 | D:6      | Found Nitotiupp's Magic Scroll Emporium.
  5241 | D:6      | Found Paprac's Distillery.
  5399 | D:6      | Reached skill level 13 in Maces & Flails
  5956 | D:7      | Gained mutation: You cannot study or cast Poison magic. [Ru sacrifice]
  5956 | D:7      | Gained mutation: You cannot study or cast Transmutations magic. [Ru sacrifice]
  5956 | D:7      | Gained mutation: You cannot study or cast Conjurations magic. [Ru sacrifice]
  5956 | D:7      | Reached * piety under Ru
  5973 | D:7      | Noticed a hippogriff
  5979 | D:7      | Killed a hippogriff
  5979 | D:7      | Reached XP level 9. HP: 70/70 MP: 8/8
  6311 | D:8      | Reached skill level 14 in Maces & Flails
  6334 | D:7      | HP: 2/70 [yak (10)]
  6665 | D:8      | Noticed a two-headed ogre
  6675 | D:8      | Reached skill level 15 in Maces & Flails
  6684 | D:8      | Killed a two-headed ogre
  6688 | D:8      | Reached skill level 16 in Maces & Flails
  6689 | D:8      | Slain by a yak

Vault maps used:
D:1:      nzn_arrival_depleted_hourglass, hangedman_glass_teeth,
          serial_park_tiny_1, kennysheep_nondescript
D:2:      bloody_makhleb, uniq_jessica, uniq_robin
D:3:      corexii_leaking_fountain, grunt_gozag_statues
D:4:      nemelex_xobeh_ov_fountains_minmay
D:5:      zin_statuary, first_bread, serial_shops, nicolae_shop_behind_doors,
          lemuel_flamethrower_2
D:6:      minmay_temple_entry_glass, serial_shops, nicolae_shop_behind_doors,
          shop_statue, nicolae_shop_statue_plus, uniq_edmund, uniq_menkaure,
          uniq_eustachio
D:8:      minmay_lair_entry_grove
Temple:   regret_index_temple_chain_breaker

Skill      XL: |  1  2  3  4  5  6  7  8  9 |
---------------+----------------------------+-----
Maces & Flails | 3 4 5 6 7 9 11 13 16 | 16.0
Fighting       | |  3.6
Armour         | |  3.6
Shields        | |  3.6

Action                   |  1- 3 |  4- 6 |  7- 9 || total
-------------------------+-------+-------+-------++-------
Melee: Flail             |    93 |   144 |   102 ||   339
       Headbutt          |    13 |    30 |    35 ||    78
       Morningstar       |       |    47 |   103 ||   150
Invok: Sacrifice Arcana  |       |       |     1 ||     1
  Use: Scroll            |     2 |     3 |     6 ||    11
       Potion            |       |     1 |     2 ||     3
  Eat: Chunk             |     1 |     6 |    11 ||    18
       Fruit             |       |       |     1 ||     1
Armor: Scale mail        |    45 |    55 |       ||   100
       Plate armour      |       |    49 |    85 ||   134
Dodge: Dodged            |    38 |    74 |    93 ||   205
Block: Shield            |    46 |    30 |       ||    76
       Buckler           |       |    28 |    43 ||    71

Table legend:
 A = Spawn XP
 B = Non-spawn XP
 C = Spawn XP percentage of total XP
 D = Spawn monster count
 E = Non-spawn monster count
 F = Spawn count percentage of total count
 G = Total turns spent on level
                    A         B        C        D         E        F      G
               +---------+---------+-------+---------+---------+-------+---------
         Total |       0 |    5310 |   0.0 |       0 |     191 |   0.0 |  6689
               +---------+---------+-------+---------+---------+-------+---------
           D:1 |       0 |      34 |   0.0 |       0 |      23 |   0.0 |   649
           D:2 |       0 |     228 |   0.0 |       0 |      46 |   0.0 |  1359
           D:3 |       0 |     217 |   0.0 |       0 |      30 |   0.0 |   635
           D:4 |       0 |     465 |   0.0 |       0 |      18 |   0.0 |   742
           D:5 |       0 |     587 |   0.0 |       0 |      28 |   0.0 |  1070
           D:6 |       0 |     649 |   0.0 |       0 |      10 |   0.0 |   534
           D:7 |       0 |     981 |   0.0 |       0 |      15 |   0.0 |  1124
           D:8 |       0 |    1947 |   0.0 |       0 |      20 |   0.0 |    56
        Temple |       0 |     202 |   0.0 |       0 |       1 |   0.0 |   520
               +---------+---------+-------+---------+---------+-------+---------
